 Dungeon Crawl Stone Soup version 0.20.1-1-g8b1a95d (webtiles) character file.

76 vatarom the Sneak (level 4, -1/22 HPs)
             Began as a Vine Stalker Enchanter on Sept 14, 2017.
             Slain by Terence
             ... wielding a +0 flail
              (8 damage)
             ... on level 3 of the Dungeon.
             The game lasted 00:03:55 (1366 turns).

vatarom the Sneak (Vine Stalker Enchanter)          Turns: 1366, Time: 00:03:56

Health: -1/22      AC:  2    Str:  9 (10) XL:     4   Next: 32%
Magic:  0/8        EV: 12    Int: 13 (15) God:
Gold:   75         SH:  0    Dex: 14 (16) Spells: 1/7 levels left

rFire    . . .     SeeInvis .   a - +1 dagger
rCold    . . .     Gourm    .   (no shield)
rNeg     . . .     Faith    .   b - +0 robe
rPois    .         Spirit   +   (no helmet)
rElec    .         Reflect  .   (no cloak)
rCorr    .         Harm     .   (no gloves)
MR       .....                  (no boots)
Stlth    ++........             (no amulet)
Regen    0.5/turn               (no ring)
MPRegen  0.2/turn               (no ring)

@: hasted, very quick
A: fangs 2, regeneration 1, magic shield, antimagic bite, no potion heal 3, rot
immunity
a: no special abilities


You were on level 3 of the Dungeon.
You were not hungry.

You visited 1 branch of the dungeon, and saw 3 of its levels.

You collected 75 gold pieces.

Inventory:

Hand Weapons
 a - a +1 dagger (weapon)
Armour
 b - a +0 robe (worn)
Scrolls
 k - a scroll of identify
 l - a scroll of teleportation
 m - a scroll of magic mapping {unknown}
Potions
 n - a potion of lignification {unknown}
Books
 c - a book of Maledictions

   Spells                             Type                      Level
   a - Corona                         Hexes                        1
   b - Ensorcelled Hibernation        Hexes/Ice                    2
   c - Confuse                        Hexes                        3
   d - Tukima's Dance                 Hexes                        3
   e - Dazzling Spray                 Conjuration/Hexes            3
Comestibles
 d - 2 bread rations
 f - 3 royal jellies
 g - a chunk of flesh
 h - 2 meat rations
 i - a fruit


   Skills:
 + Level 1.1 Fighting
 * Level 2.5 Short Blades
 - Level 1.5 Dodging
 - Level 3.6 Stealth
 - Level 2.1 Spellcasting
 + Level 3.4 Hexes
 + Level 1.1 Ice Magic


You had one spell level left.
You knew the following spells:

 Your Spells              Type           Power        Failure   Level  Hunger
a - Corona                Hex            ##.....      6%          1    ##.....
b - Ensorcelled Hibernat  Hex/Ice        #.....       16%         2    ###....
c - Confuse               Hex            ##......     19%         3    ####...


Dungeon Overview and Level Annotations

Branches:
Dungeon (3/15)

Altars:
Ashenzari

Annotations:
D:3 Grinder, Terence


Innate Abilities, Weirdness & Mutations

You have extremely sharp teeth.
Your natural rate of healing is unusually fast.
When hurt, damage is shared between your health and your magic reserves.
Your bite disrupts and absorbs the magic of your enemies.
Potions cannot restore your health.
You are immune to rotting.


Message History

Terence resists with some effort.
Terence closely misses you.
Casting: Ensorcelled Hibernation
Confirm with . or Enter, or press ? or * to list all spells.
Aiming: Ensorcelled Hibernation
Press: ? - help, Shift-Dir - straight line, f/p - Terence
Aim: Terence, wielding a flail and wearing a scale mail (chance to defeat MR: 49%) Terence resists with some effort.
Terence closely misses you.
You hit Terence but do no damage. Terence hits you with a flail!
Ouch! That really hurt!
* * * LOW HITPOINT WARNING * * *
You hit Terence but do no damage.
Casting: Ensorcelled Hibernation
Confirm with . or Enter, or press ? or * to list all spells.
Okay, then.
It was a potion of degeneration.
There was something very wrong with that liquid.
You feel weakened.
You feel dopey.
You feel clumsy. Terence barely misses you.
You feel yourself speed up. Terence hits you with a flail!
You die...

..... ##...
######...######.
.......#........
#...# ###.# #5# #@#
######## #@#
#.....<# #.#
#.####.# #.#
##.####.# #.#
#.......#
##.###..###..#
#...##..###..#
#.....#......###
....#.....#........#
r.$.##...##.....##.#


You could see Grinder and Terence.

Vanquished Creatures
  4 adders
  A dart slug (D:1)
  4 leopard geckos
  2 ball pythons (D:2)
  3 giant cockroaches
  4 hobgoblins
  A kobold (D:2)
  A quokka (D:2)
  3 bats (D:2)
  4 frilled lizards
  3 goblins
  6 rats
36 creatures vanquished.

Notes
Turn   | Place    | Note
-------+----------+-------------------------------------------
     0 | D:1      | vatarom the Vine Stalker Enchanter began the quest for the Orb.
     0 | D:1      | Reached XP level 1. HP: 9/9 MP: 4/4
   164 | D:1      | Reached skill level 1 in Short Blades
   314 | D:1      | Reached XP level 2. HP: 14/14 MP: 6/6
   431 | D:1      | Learned a level 2 spell: Ensorcelled Hibernation
   649 | D:2      | Reached XP level 3. HP: 16/17 MP: 7/7
   954 | D:2      | Learned a level 3 spell: Confuse
   957 | D:2      | Reached skill level 1 in Fighting
  1003 | D:2      | Reached skill level 1 in Ice Magic
  1003 | D:2      | Gained mutation: Your natural rate of healing is unusually fast. [Vine Stalker growth]
  1003 | D:2      | Reached XP level 4. HP: 15/22 MP: 5/8
  1287 | D:3      | Found a shattered altar of Ashenzari.
  1352 | D:3      | Noticed Terence
  1354 | D:3      | Noticed Grinder
  1366 | D:3      | Slain by Terence

Skill      XL: |  1  2  3 |
---------------+----------+-----
Short Blades   | 1 2 |  2.5
Fighting       | 1 |  1.1
Ice Magic      | 1 |  1.1
Dodging        | |  1.5
Stealth        | |  3.6
Spellcasting   | |  2.1
Hexes          | |  3.4

Action                   |  1- 3 |  4- 6 || total
-------------------------+-------+-------++-------
Melee: Dagger            |    57 |    18 ||    75
       Bite              |     6 |       ||     6
 Cast: Ensorcelled Hiber |     4 |     2 ||     6
  Use: Scroll            |     3 |       ||     3
       Potion            |       |     2 ||     2
 Stab: Sleeping          |    13 |     5 ||    18
  Eat: Chunk             |       |     2 ||     2
Armor: Robe              |     5 |       ||     5
Dodge: Dodged            |    20 |    10 ||    30
